 Dungeon Crawl Stone Soup version 0.22-a0-348-gd16d139 (webtiles) character file.

14254 Amnesiac the Nimble (level 11, 0/62 HPs)
             Began as a Spriggan Wizard on Apr 12, 2018.
             Was a High Priest of Sif Muna.
             Slain by a yak (12 damage)
             ... on level 11 of the Dungeon.
             The game lasted 00:32:01 (14169 turns).

Amnesiac the Nimble (Spriggan Wizard)              Turns: 14169, Time: 00:32:01

Health: 0/62       AC:  2    Str:  3    XL:     11   Next: 86%
Magic:  6/25       EV: 26    Int: 22    God:    Sif Muna [*****.]
Gold:   705        SH:  8    Dex: 19    Spells: 4/28 levels left

rFire    . . .     SeeInvis +   a - +4 hunting sling (freeze)
rCold    . . .     Gourm    .   I - +3 buckler of Masochism {Dex+3 SInv}
rNeg     . . .     Faith    .   n - +0 robe
rPois    +         Spirit   .   P - +0 hat of Claustrophobia {rPois SInv} (curse)
rElec    .         Reflect  .   (no cloak)
rCorr    .         Harm     .   (gloves unavailable)
MR       ++...                  (boots unavailable)
Stlth    +++.......             (no amulet)
HPRegen  0.20/turn              z - +1 ring of evasion
MPRegen  0.19/turn              K - ring of protection from magic

@: divine energy, very quick
A: very small, unfitting armour, see invisible, herbivore, speed 3, slow
metabolism 2
a: Stop Divine Energy, Channel Magic, Forget Spell, Renounce Religion


You were on level 11 of the Dungeon.
You worshipped Sif Muna.
Sif Muna was extremely pleased with you.
You were full.

You visited 2 branches of the dungeon, and saw 12 of its levels.
You also visited: Sewer.

You collected 705 gold pieces.

Inventory:

Hand Weapons
 a - a +4 hunting sling of freezing (weapon)
 b - a +2 dagger of venom
 w - a +0 blowgun
Missiles
 m - 72 stones (quivered)
 s - 2 throwing nets
 t - 2 needles of frenzy
 E - 5 curare-tipped needles
 J - 31 poisoned needles
Armour
 n - a +0 robe (worn)
 I - the +3 buckler of Masochism (worn) {Dex+3 SInv}
   (You took it off an orc priest on level 9 of the Dungeon)

   It affects your dexterity (+3).
   It lets you see invisible.
 P - the cursed +0 hat of Claustrophobia (worn) {rPois SInv}
   (You found it on level 11 of the Dungeon)

   It protects you from poison.
   It lets you see invisible.
   It has a curse placed upon it.
Jewellery
 i - an uncursed ring of ice
 z - a +1 ring of evasion (left hand)
 K - a ring of protection from magic (right hand)
Wands
 j - a wand of enslavement (12)
 r - a wand of digging (23)
 v - a wand of flame (38)
 C - a wand of scattershot (2)
 D - a wand of polymorph (5)
 N - a wand of random effects (14)
Scrolls
 c - a scroll of fear {!r}
 e - 7 scrolls of remove curse {!r}
 k - a scroll of blinking {!r}
 y - 3 scrolls of magic mapping {!r}
 A - 4 scrolls of fog {!r}
 B - a scroll of summoning {!r}
 G - a scroll of teleportation {!r}
 L - 4 scrolls of identify {!r}
 M - a scroll of silence {!r}
Potions
 f - a potion of heal wounds {!q}
 g - a potion of flight {!q}
 h - 5 potions of lignification {!q}
 l - a potion of might {!q}
 o - 3 potions of brilliance {!q}
 p - a potion of magic {!q}
 q - a potion of invisibility {!q}
 u - 5 potions of curing {!q}
 x - a potion of agility {!q}
 F - a potion of haste {!q}
 O - a potion of ambrosia {!q}
Comestibles
 d - 6 rations


   Skills:
 - Level 9.4 Fighting
 - Level 9.5 Dodging
 - Level 3.0 Stealth
 - Level 9.0 Spellcasting
 - Level 0.6 Conjurations
 - Level 0.7 Summonings
 - Level 6.5 Necromancy
 - Level 1.5 Translocations
 - Level 8.0 Earth Magic
 + Level 5.9 Invocations


You had 4 spell levels left.
You knew the following spells:

 Your Spells              Type           Power        Failure   Level  Hunger
a - Magic Dart            Conj           ##..         9%          1    None
b - Call Imp              Summ           ##......     13%         2    None
d - Lee's Rapid Deconstr  Erth           #####.....   11%         5    #####..
e - Borgnjor's Vile Clut  Necr/Erth      #####.....   16%         5    #####..
f - Vampiric Draining     Necr           #####.....   2%          3    None
s - Conjure Flame         Conj/Fire      ##......     30%         3    None
v - Blink                 Tloc           N/A          9%          2    None
w - Mephitic Cloud        Conj/Pois/Air  ##......     30%         3    None


Dungeon Overview and Level Annotations

Branches:
Dungeon (11/15)            Temple (1/1) D:7             Orc (0/2) D:9
   Lair: D:8-11

Altars:
Ashenzari
Cheibriados
Dithmenos
Elyvilon
Fedhas
Gozag
Hepliaklqana
Kikubaaqudgha
Makhleb
Nemelex Xobeh
Okawaru
Qazlal
Ru
Sif Muna
Trog
Uskayaw
Vehumet
Wu Jian
Xom
Yredelemnul
Zin
The Shining One

Shops:
D:4 ((   D:8 !


Innate Abilities, Weirdness & Mutations

You are very small and have problems with some larger weapons.
You are too small for most types of armour.
You have supernaturally acute eyesight. (SInv)
You are a herbivore.
You cover ground extremely quickly.
You need to consume almost no food.


Message History

You kill the yak!
Sif Muna accepts your kill. The warg closely misses you.
The warg bites you but does no damage.
Firing (i - inventory. (/) - cycle)
m - 77 stones (quivered)
Press: ? - help, Shift-Dir - straight line, f - yak
Aim: a yak (lightly wounded)
You shoot a stone.
The stone hits the warg but does no damage.
The warg is heavily wounded.
The zombie hands constrict the warg!
You block the warg's attack.
Firing (i - inventory. (/) - cycle)
m - 76 stones (quivered)
Press: ? - help, Shift-Dir - straight line, f/p - warg
Aim: a warg (almost dead, constricted by zombie hands)
You shoot a stone. The stone hits the warg.
The stone freezes the warg.
You kill the warg!
Sif Muna accepts your kill. The yak gores you!
* * * LOW HITPOINT WARNING * * *
The yak barely misses you.
Casting: Borgnjor's Vile Clutch (slightly dangerous; 16% risk of failure)
Confirm with . or Enter, or press ? or * to list all spells.
Aiming: Borgnjor's Vile Clutch (slightly dangerous; 16% risk of failure)
Press: ? - help, Dir - move target cursor, f - yak
Aim: a yak Decaying hands burst forth from the earth!
Zombie hands grab the yak. x3
The zombie hands constrict the yak!
The zombie hands constrict the yak. x2
The yak struggles to escape constriction. x3
The zombie hands constrict the yak. x3; You block the yak's attack.
The yak struggles to escape constriction.
Firing (i - inventory. (/) - cycle)
m - 75 stones (quivered)
Press: ? - help, Shift-Dir - straight line, f/p - yak
Aim: a yak (moderately wounded, constricted by zombie hands)
You shoot a stone. The stone hits the yak.
The stone freezes the yak.
The yak is heavily wounded.
The zombie hands constrict the yak!
The zombie hands constrict the yak.
The zombie hands constrict the yak!
The yak gores you!
* * * LOW HITPOINT WARNING * * *
The yak closely misses you.
Firing (i - inventory. (/) - cycle)
m - 74 stones (quivered)
Press: ? - help, Shift-Dir - straight line, f/p - yak
Aim: a yak (heavily wounded, constricted by zombie hands)
You shoot a stone. The stone hits the yak.
The stone freezes the yak.
The yak is heavily wounded.
The zombie hands constrict the yak! x3
The zombie hands release their grip on the yak.
The yak closely misses you. The yak gores you.
* * * LOW HITPOINT WARNING * * *
The yak misses you.
The zombie hands constrict the yak.
You kill the yak!
Sif Muna accepts your kill.
The zombie hands constrict the yak.
Firing (i - inventory. (/) - cycle)
m - 73 stones (quivered)
Press: ? - help, Shift-Dir - straight line, f/p - yak
Aim: a yak (almost dead, constricted by zombie hands)
You shoot a stone.
The stone hits the yak but does no damage.
The yak is almost dead.
The zombie hands constrict the yak.
You kill the yak!
Sif Muna accepts your kill. The yak gores you!
You die...

#. ####)#### #.
#.#####.#
###.#######........
#..........#...###.#
#####. #...##..)###.#
...#.##.......## #.#
#.........#.## #..
###......Y....# !..
........†Y@...## ##
#.....s#####.##
#....((#####s.###...
......##.Y(Y(YYY......
.#..# ########.$Y###.
#. ...# # (.Y# YY.#


YYY. You could see 2 yaks and a scorpion.

Vanquished Creatures
  A hydra (D:10)
  A centaur warrior (D:10)
  A two-headed ogre (D:8)
  Pikel (D:6)
  3 centaur zombies (D:10)
  2 hellwings (D:10)
  The ghost of Amnesiac the Covert, a novice SpBe of Gozag (D:6)
  3 trolls
  A queen bee (D:8)
  A meliai zombie (D:10)
  A hippogriff (D:8)
  Sigmund (D:2)
  Eustachio (D:5)
  12 yaks
  A wyvern (D:10)
  A hungry ghost (D:7)
  A warg (D:11)
  6 orc warriors
  2 slaves (D:6)
  2 ice beasts
  A hornet zombie (D:10)
  5 phantoms
  An eye of draining (D:7)
  2 centaurs
  13 ogres
  11 big kobolds
  6 bullfrogs
  A wyvern zombie (D:7)
  2 scorpions
  15 killer bees (D:8)
  An electric eel (D:8)
  8 howler monkeys
  2 bullfrog zombies (D:10)
  2 lava snakes (D:10)
  A hound (D:10)
  6 orc priests
  3 jellies
  3 centaur skeletons
  4 iguanas
  Natasha (twice) (D:2)
  8 orc wizards
  6 worker ants
  A killer bee zombie (D:9)
  3 hound zombies
  3 hound skeletons
  3 gnolls (D:7)
  9 adders
  2 river rats (Sewer)
  4 shadow imps
  10 oozes
  2 worms (Sewer)
  A dart slug (D:2)
  4 leopard geckos (D:3)
  50 orcs
  9 giant cockroaches
  8 goblins
  7 hobgoblins
  7 jackals
  26 kobolds
  5 quokkas
  A ball python (Sewer)
  10 bats
  9 frilled lizards
  2 leopard gecko skeletons (D:5)
  A quokka skeleton (D:5)
  7 rats
  A withered plant (D:10)
331 creatures vanquished.

Vanquished Creatures (collateral kills)
  Natasha (D:2)
  A jackal (D:2)
2 creatures vanquished.

Vanquished Creatures (others)
  2 slaves (D:6)
  A bullfrog zombie (D:11)
  A plant (D:11)
  5 withered plants (D:10)
9 creatures vanquished.

Grand Total: 342 creatures vanquished

Notes
Turn   | Place    | Note
-------+----------+-------------------------------------------
     0 | D:1      | Amnesiac the Spriggan Wizard began the quest for the Orb.
     0 | D:1      | Reached XP level 1. HP: 9/9 MP: 6/6
   294 | D:1      | Reached XP level 2. HP: 13/13 MP: 2/8
   298 | D:1      | Learned a level 2 spell: Blink
   301 | D:1      | Learned a level 2 spell: Call Imp
   938 | D:1      | Reached skill level 5 in Dodging
  1092 | D:2      | Reached XP level 3. HP: 11/16 MP: 3/9
  1121 | D:2      | Found a basalt altar of Yredelemnul.
  1752 | D:2      | Noticed Natasha
  1772 | D:1      | Learned a level 3 spell: Mephitic Cloud
  1867 | D:2      | Killed Natasha
  1935 | D:2      | Reached XP level 4. HP: 21/21 MP: 1/11
  1962 | D:1      | Learned a level 3 spell: Conjure Flame
  2101 | D:2      | Noticed Sigmund
  2247 | D:2      | Killed Sigmund
  2247 | D:2      | Reached XP level 5. HP: 10/24 MP: 0/12
  2683 | D:2      | Found a faded altar of an unknown god.
  2781 | D:2      | Noticed Natasha
  2799 | D:2      | Killed Natasha
  2799 | D:2      | Reached skill level 1 in Fighting
  2799 | D:2      | Reached XP level 6. HP: 24/30 MP: 7/13
  2805 | D:2      | Noticed Natasha
  2817 | D:2      | Killed Natasha
  3198 | D:3      | Found a sacrificial altar of Ru.
  3518 | D:3      | Found a glowing drain.
  3583 | Sewer    | Entered a sewer
  3785 | Sewer    | Reached XP level 7. HP: 37/37 MP: 14/14
  4132 | Sewer    | Reached skill level 5 in Fighting
  4671 | D:4      | Found Tuclar's Weapon Boutique.
  4729 | D:4      | Found Yrchuhi's Antique Weapon Emporium.
  4844 | D:4      | Reached XP level 8. HP: 44/44 MP: 15/15
  5277 | D:5      | Entered Level 5 of the Dungeon
  5469 | D:5      | Noticed Eustachio
  5536 | D:5      | Killed Eustachio
  5963 | D:5      | Found an iron altar of Okawaru.
  6322 | D:6      | Found a hide-covered altar of Uskayaw.
  6367 | D:6      | Noticed Pikel
  6383 | D:6      | Killed Pikel
  6383 | D:6      | Reached XP level 9. HP: 51/53 MP: 9/16
  6622 | D:6      | Noticed Amnesiac's ghost (novice SpBe)
  6733 | D:6      | Killed Amnesiac's ghost
  7052 | D:6      | Found a glowing golden altar of the Shining One.
  7328 | D:7      | Found a staircase to the Ecumenical Temple.
  7343 | Temple   | Entered the Ecumenical Temple
  7548 | Temple   | Became a worshipper of Sif Muna the Loreminder
  7715 | D:7      | Reached skill level 5 in Spellcasting
  7758 | D:7      | Found an ancient bone altar of Kikubaaqudgha.
  8088 | D:7      | Identified the Almanac of Stones
  8154 | D:6      | Learned a level 5 spell: Lee's Rapid Deconstruction
  8210 | D:7      | Reached * piety under Sif Muna
  8210 | D:7      | Reached skill level 1 in Earth Magic
  8845 | D:8      | Noticed a two-headed ogre
  8884 | D:8      | Killed a two-headed ogre
  8884 | D:8      | Reached XP level 10. HP: 49/58 MP: 11/21
  9109 | D:8      | Reached skill level 5 in Earth Magic
  9431 | D:8      | Reached ** piety under Sif Muna
 10007 | D:8      | Found Duhufenu's Distillery.
 10221 | D:8      | Found an ornate altar of the Wu Jian Council.
 10335 | D:8      | Identified the Compendium of Cold and Venom
 11138 | D:9      | Reached *** piety under Sif Muna
 11221 | D:9      | Learned a level 5 spell: Borgnjor's Vile Clutch
 11225 | D:9      | Learned a level 3 spell: Vampiric Draining
 11229 | D:9      | Got a faintly glowing buckler
 11553 | D:9      | Found a staircase to the Orcish Mines.
 11814 | D:9      | Identified the +3 buckler of Masochism {Dex+3 SInv} (You took it off an orc priest on level 9 of the Dungeon)
 12638 | D:10     | Entered Level 10 of the Dungeon
 12662 | D:9      | Reached XP level 11. HP: 62/62 MP: 20/25
 12780 | D:10     | Reached skill level 1 in Necromancy
 12852 | D:10     | Reached **** piety under Sif Muna
 13232 | D:10     | Noticed a centaur warrior
 13253 | D:10     | Killed a centaur warrior
 13253 | D:10     | Reached skill level 5 in Necromancy
 13500 | D:10     | Reached ***** piety under Sif Muna
 13500 | D:10     | Identified Sif Muna's Compendium of Dark Rituals (Sif Muna gifted it to you on level 10 of the Dungeon)
 13500 | D:10     | Received a gift from Sif Muna
 13689 | D:10     | Reached skill level 1 in Invocations
 14006 | D:11     | Noticed a six-headed hydra
 14032 | D:10     | Killed a six-headed hydra
 14044 | D:11     | Got a warped hat
 14055 | D:11     | Identified the cursed +0 hat of Claustrophobia {rPois SInv} (You found it on level 11 of the Dungeon)
 14149 | D:11     | Reached skill level 5 in Invocations
 14169 | D:11     | Slain by a yak

Vault maps used:
D:1:      minmay_arrival_three_doors
D:2:      yredelemnul_altar_generic, first_ration,
          chequers_ecumenical_altar_grove, uniq_sigmund, uniq_natasha
D:3:      nicolae_ru_the_path_less_chosen, portal_sewer_entry_f, minivault_24
D:4:      serial_shops, nicolae_shop_stone, shop, wad_floor_pattern_2
D:5:      old_standard_altar, moated_statue, uniq_eustachio
D:6:      kennysheep_mini, lemuel_crystal_altar, patterned_corridor, uniq_pikel
D:7:      kiku_gazebo_pond_becter, minmay_temple_entry_large_hall
D:8:      kennysheep_little_box, serial_shops, shop, david_nohive_1
D:9:      hiddenorc2_lemuel
D:10:     cheibrodos_grave_circle, serial_corexii_hall, corexii_hall_statues_i,
          corexii_hall_statues_l, nicolae_lava_and_water
D:11:     erik_lair_orcish_takeover, evilmike_minifort, uniq_josephine
Temple:   regret_index_temple_generic_petals
Sewer:    sewer_co_tree

Skill      XL: |  1  2  3  4  5  6  7  8  9 10 11 |
---------------+----------------------------------+-----
Dodging        | 4 5 6 8 9 |  9.5
Fighting       | 1 3 5 9 |  9.4
Spellcasting   | 7 9 |  9.0
Earth Magic    | 4 8 |  8.0
Necromancy     | 6 |  6.5
Invocations    | 5 |  5.9
Stealth        | |  3.0
Conjurations   | |  0.6
Summonings     | |  0.7
Translocations | |  1.5

Action                   |  1- 3 |  4- 6 |  7- 9 | 10-12 || total
-------------------------+-------+-------+-------+-------++-------
Melee: Unarmed           |       |     4 |       |       ||     4
 Fire: Hunting sling     |       |   186 |   527 |   799 ||  1512
 Cast: Magic Dart        |   105 |    34 |     4 |    33 ||   176
       Mephitic Cloud    |     2 |     7 |     4 |    24 ||    37
       Call Imp          |     1 |     3 |       |       ||     4
       Conjure Flame     |       |       |    15 |    18 ||    33
       Lee's Rapid Decon |       |       |       |    23 ||    23
       Blink             |       |       |       |     1 ||     1
       Borgnjor's Vile C |       |       |       |    13 ||    13
Invok: Divine Energy     |       |       |     1 |       ||     1
Evoke: Wand              |       |       |       |     5 ||     5
  Use: Potion            |       |     1 |       |     2 ||     3
       Scroll            |       |       |    17 |     5 ||    22
  Eat: Ration            |       |     2 |     3 |     7 ||    12
Armor: Robe              |       |     5 |     5 |    16 ||    26
Dodge: Dodged            |    26 |   120 |   194 |   460 ||   800
Block: Buckler           |       |       |       |   132 ||   132

Table legend:
 A = Spawn XP
 B = Non-spawn XP
 C = Spawn XP percentage of total XP
 D = Spawn monster count
 E = Non-spawn monster count
 F = Spawn count percentage of total count
 G = Total turns spent on level
                    A         B        C        D         E        F      G
               +---------+---------+-------+---------+---------+-------+---------
         Total |       0 |   20363 |   0.0 |       0 |     330 |   0.0 | 14169
               +---------+---------+-------+---------+---------+-------+---------
           D:1 |       0 |      40 |   0.0 |       0 |      24 |   0.0 |  1246
           D:2 |       0 |     399 |   0.0 |       0 |      29 |   0.0 |  1815
           D:3 |       0 |      41 |   0.0 |       0 |      22 |   0.0 |   767
           D:4 |       0 |     355 |   0.0 |       0 |      10 |   0.0 |   725
           D:5 |       0 |     809 |   0.0 |       0 |      12 |   0.0 |   822
           D:6 |       0 |    1377 |   0.0 |       0 |      13 |   0.0 |  1178
           D:7 |       0 |    1089 |   0.0 |       0 |      24 |   0.0 |  1250
           D:8 |       0 |    2800 |   0.0 |       0 |      30 |   0.0 |  1616
           D:9 |       0 |    3269 |   0.0 |       0 |      69 |   0.0 |  2468
          D:10 |       0 |    7299 |   0.0 |       0 |      55 |   0.0 |  1178
          D:11 |       0 |    2059 |   0.0 |       0 |      14 |   0.0 |   143
         Sewer |       0 |     826 |   0.0 |       0 |      28 |   0.0 |   724
               +---------+---------+-------+---------+---------+-------+---------
